 Dungeon Crawl Stone Soup version 0.22.0 (webtiles) character file.

63 letownia2 the Insei (level 3, -1/26 HPs)
             Began as a Demonspawn Transmuter on Aug 10, 2018.
             Slain by a quokka (3 damage)
             ... on level 3 of the Dungeon.
             The game lasted 00:03:35 (603 turns).

letownia2 the Insei (Demonspawn Transmuter)          Turns: 603, Time: 00:03:35

Health: -1/26      AC:  5    Str: 11    XL:     3   Next: 89%
Magic:  3/6        EV: 10    Int: 14    God:
Gold:   43         SH:  0    Dex: 13    Spells: 3/6 levels left

rFire    . . .     SeeInvis .     - Unarmed
rCold    . . .     Gourm    .   (no shield)
rNeg     . . .     Faith    .   j - +0 ring mail
rPois    .         Spirit   .   (helmet restricted)
rElec    +         Reflect  .   (no cloak)
rCorr    .         Harm     .   (no gloves)
MR       +....                  (boots currently unavailable)
Stlth    +.........             (no amulet)
HPRegen  0.08/turn              (no ring)
MPRegen  0.10/turn              (no ring)

@: appendage, flying, very slightly contaminated
A: horns 1, talons 3, magic resistance 1, electricity resistance
a: End Transformation


You were on level 3 of the Dungeon.
You were not hungry.
You had grown temporary talons.
You visited 1 branch of the dungeon, and saw 3 of its levels.

You collected 43 gold pieces.

Inventory:

Missiles
 a - 32 arrows
 e - 14 sling bullets
 f - 14 poisoned needles
Armour
 b - a +0 robe
 j - a +0 ring mail (worn)
 l - a cursed +0 scale mail
Jewellery
 c - an uncursed amulet of regeneration
Scrolls
 g - 2 scrolls of teleportation
 h - 2 scrolls of remove curse
 m - 2 scrolls of identify {unknown}
 n - a scroll of fog {unknown}
Comestibles
 d - 4 rations


   Skills:
 - Level 1.0 Fighting
 - Level 1.7 Dodging
 + Level 4.4 Unarmed Combat
 - Level 2.0 Spellcasting
 - Level 1.7 Transmutations


You had 3 spell levels left.
You knew the following spells:

 Your Spells              Type           Power        Failure   Level  Hunger
a - Beastly Appendage     Tmut           #.....       28%         1    ##.....
l - Sticks to Snakes      Tmut           #.......     38%         2    ###....

Your spell library contained the following spells:

 Spells                   Type           Power        Failure   Level  Hunger
 Spider Form              Tmut/Pois      #.........   77%         3    ####...
 Blade Hands              Tmut           #.........   100%        5    ######.
 Ice Form                 Ice/Tmut       #.......     99%         4    #####..


Dungeon Overview and Level Annotations

Branches:
Dungeon (3/15)

Altars:
Sif Muna


Innate Abilities, Weirdness & Mutations

You have a pair of small horns on your head.
You have claws for feet.
You are resistant to hostile enchantments. (MR+)
You are resistant to electric shocks. (rElec)


Message History

Unknown command.
It was a potion of mutation.
You feel extremely strange.
You feel insulated.
You feel resistant to hostile enchantments.
The quokka closely misses you. The quokka misses you.
It was a potion of flight.
You feel very buoyant.
You fly up into the air.
The quokka bites you but does no damage.
Okay, then.
Casting: Beastly Appendage (safe; 28% risk of failure)
Confirm with . or Enter, or press ? or * to list all spells.
You extend your transformation's duration.
The quokka bites you but does no damage.
Casting: Beastly Appendage (safe; 28% risk of failure)
Confirm with . or Enter, or press ? or * to list all spells.
You miscast Sticks to Snakes.
You are very lightly contaminated with residual magic.
Your skin tingles.
The quokka bites you.
You die...

### #.. #.# #.# #.#
..#####.#####
........<...####.##
.###.)....hr@....#
#.#.###w####..#
#....# #.# #
...#!.. ... .)#
..##...## .. #.#
#..## . #. #.. #.
#..


You could see a worm, a hound and a quokka.

Vanquished Creatures
  2 adders (D:2)
  2 oozes (D:1)
  2 dart slugs
  A leopard gecko (D:1)
  An orc (D:3)
  2 bats (D:1)
  3 goblins
  3 hobgoblins
  3 jackals (D:1)
  A ball python (D:1)
  2 frilled lizards
  2 kobolds (D:1)
  5 rats
29 creatures vanquished.

Vanquished Creatures (collateral kills)
  A worm (D:2)
1 creature vanquished.

Grand Total: 30 creatures vanquished

Notes
Turn   | Place    | Note
-------+----------+-------------------------------------------
     0 | D:1      | letownia2 the Demonspawn Transmuter began the quest for the Orb.
     0 | D:1      | Reached XP level 1. HP: 15/15 MP: 3/3
    53 | D:1      | Reached skill level 3 in Unarmed Combat
   104 | D:1      | Gained mutation: You have a pair of small horns on your head. [demonic ancestry]
   104 | D:1      | Reached XP level 2. HP: 11/21 MP: 3/5
   225 | D:1      | Reached XP level 3. HP: 21/26 MP: 4/6
   413 | D:2      | Reached skill level 4 in Unarmed Combat
   417 | D:2      | Learned a level 2 spell: Sticks to Snakes
   488 | D:2      | Found a deep blue altar of Sif Muna.
   600 | D:3      | Gained mutation: You are resistant to electric shocks. (rElec) [potion of mutation]
   600 | D:3      | Gained mutation: You are resistant to hostile enchantments. (MR+) [potion of mutation]
   603 | D:3      | Slain by a quokka

Skill      XL: |  1  2  3 |
---------------+----------+-----
Unarmed Combat | 3 4 |  4.4
Fighting       | |  1.0
Dodging        | |  1.7
Spellcasting   | |  2.0
Transmutations | |  1.7

Action                   || total
-------------------------++-------
Melee: Unarmed           ||   105
       Headbutt          ||    10
       Kick              ||    18
       Punch             ||     1
 Cast: Beastly Appendage ||    19
       Sticks to Snakes  ||     2
  Use: Scroll            ||     2
       Potion            ||     2
Armor: Robe              ||    22
       Ring mail         ||    15
Dodge: Dodged            ||    74
